 Dungeon Sprint DCSS version 0.27-a0-1502-g47ed6a6988 (webtiles) character file.

Game seed: 14889541427496797710

9 tygod the Grasshopper (level 2, -4/18 HPs)
             Began as a Kobold Warper on July 9, 2021.
             Splashed by an oklob sapling's acid (9 damage)
             ... in the Dungeon (Sprint IV: "Fedhas' Mad Dash").
             The game lasted 00:00:16 (24 turns).

tygod the Grasshopper (Kobold Warper)                 Turns: 24, Time: 00:00:17

Health: -4/18      AC:  0    Str:  8    XL:     2   Next: 25%
Magic:  4/6        EV: 14    Int: 14    God:
Gold:   0          SH:  0    Dex: 14    Spells: 7/7 levels left

rFire    . . .     SeeInvis .   a - +0 short sword
rCold    . . .     Faith    .   (shield restricted)
rNeg     . . .     Spirit   .   b - +0 leather armour
rPois    .         Reflect  .   (no helmet)
rElec    .         Harm     .   (no cloak)
rCorr    .         Rampage  .   (no gloves)
Will     .....     NoTele   +   (no boots)
Stlth    ++........             (no amulet)
HPRegen  0.06/turn              (no ring)
MPRegen  0.10/turn              (no ring)

@: corroded, on berserk cooldown, slowed, very slow
A: small, no large weapons, nightstalker 3
a: no special abilities


You were in the Dungeon.
You visited 1 branch

Inventory:

Hand Weapons
 a - a +0 short sword (weapon)
Missiles
 d - 5 boomerangs of dispersal (quivered)
Armour
 b - a +0 leather armour (worn)
Scrolls
 c - 2 scrolls of blinking
Potions
 e - a potion of curing
 g - a potion of haste
 h - 2 potions of magic


   Skills:
 + Level 2.5 Fighting
 + Level 3.1 Short Blades
 + Level 1.1 Throwing
 + Level 1.0 Armour
 + Level 2.8 Dodging
 + Level 3.0 Spellcasting
 + Level 4.0 Translocations


You had 7 spell levels left.
You didn't know any spells.
Your spell library contained the following spells:

 Spells                   Type           Power      Damage    Failure   Level
 Blink                    Tloc           N/A        N/A       9%          2
 Gell's Gravitas          Tloc           6%         N/A       17%         3
 Lesser Beckoning         Tloc           6%         N/A       17%         3
 Teleport Other           Tloc           13%        N/A       17%         3
 Manifold Assault         Tloc           13%        N/A       85%         5


Dungeon Overview and Level Annotations

Branches:
Dungeon (1/1)

Altars:


Innate Abilities, Weirdness & Mutations

You are small and have problems with some larger weapons.
You are completely attuned to the shadows.


Message History

The rat misses you.
Okay, then.
Welcome back, tygod the Kobold Warper.
Press ? for a list of commands and other information.
You feel much better. The river rat misses you. The rat closely misses you.
A red film seems to cover your vision as you go berserk!
You feel yourself moving faster!
You feel mighty! The river rat barely misses you. The rat misses you.
You closely miss the river rat.
The river rat is moderately wounded.
The river rat bites you.
You hit the river rat.
The river rat is severely wounded.
The rat bites you. The river rat bites you.
You puncture the river rat!
You kill the river rat!
Your Short Blades skill increases to level 3!
Your Armour skill increases to level 1!
Your Spellcasting skill increases to level 3!
You have reached level 2!
The rat twitches its whiskers.
The rat closely misses you.
You barely miss the rat. The rat barely misses you.
You hit the rat.
You kill the rat!
Your Translocations skill increases to level 4!
You see here a rat corpse.
You feel a strong urge to attack something.
You feel your anger nearly subside.
You are no longer berserk.
You are exhausted.
You feel yourself slow down.
You open the door.
An oklob sapling comes into view.
The oklob sapling spits acid at you. The splash of acid hits you!
Ouch! That really hurt!
* * * LOW HITPOINT WARNING * * *
The acid corrodes you!
You are splashed with acid!
Ouch! That really hurt!
You die...

############ ##
#<..P#..†..#.$$
#PP..'.)..@'.#
#PPPP#.....#P#
############ #


You could see an oklob sapling.

Vanquished Creatures
  A river rat (D)
  A rat (D)
2 creatures vanquished.

Notes
Turn   | Place    | Note
-------+----------+-------------------------------------------
     0 | D        | tygod the Kobold Warper began the quest for the Orb.
     0 | D        | Reached XP level 1. HP: 12/12 MP: 3/3
    17 | D        | Reached skill level 1 in Armour
    17 | D        | Reached XP level 2. HP: 18/18 MP: 4/6
    20 | D        | Reached skill level 4 in Translocations
    24 | D        | Noticed an oklob sapling
    24 | D        | Splashed by an oklob sapling's acid

Illustrated notes

Levels and vault maps discovered:
D:        dungeon_sprint_fedhas [sprint_temple]

Skill      XL: |  1  2 |
---------------+-------+-----
Short Blades   | 3 |  3.1
Armour         | 1 |  1.0
Spellcasting   | 3 |  3.0
Translocations | 4 |  4.0
Fighting       | |  2.5
Throwing       | |  1.1
Dodging        | |  2.8

Action                   || total
-------------------------++-------
Melee: Short sword       ||     9
  Use: Potion            ||     2
Dodge: Dodged            ||    13

Table legend: (Time is in decaauts)
 A = Elapsed time spent in this place.
 B = Non-inter-level travel time spent in this place.
 C = Inter-level travel time spent in this place.
 D = Time resting spent in this place.
 E = Time spent auto-exploring this place.
 F = Levels seen in this place.
 G = Mean time per level.
                   A        B        C        D        E       F      G
               +--------+--------+--------+--------+--------+-----+--------+
         Total |     20 |     20 |      0 |      0 |      0 |   1 |   20.0 |
       Dungeon |     20 |     20 |      0 |      0 |      0 |   1 |   20.0 |
               +--------+--------+--------+--------+--------+-----+--------+

Top non-repeatable levels by time:
       D: 20 daAuts
